Map: [ESL] Tropical Sacrifice

Players

uThermal - Winner!

  • Race: Terran Terran
  • Spawn Location: 7:00

Scarlett

  • Race: Zerg Zerg
  • Spawn Location: 1:00

Event: DreamHack SC2 Masters 2022 Valencia

VOD

Have the link to the VOD?

Description

Time

  • Played on: July 1, 2022, 10:26 a.m.
  • Length: 2:51

All games in this series

Show
View Real Time Build Order
Export as new Build Order

uThermal Terran - Winner!

Build Orders:  

Get SALT Encoding   

  12  0:00  SCV  
  13  0:12  SCV  
  14  0:18  Supply Depot  
  14  0:25  SCV  
  15  0:41  Barracks  
  15  0:55  Barracks  
  15  1:07  Barracks  
  15  1:12  SCV  
  16  1:28  Marine  
  16  1:30  Orbital Command  
  17  1:41  Marine  
  17  1:45  Marine  
  19  1:48  Supply Depot  
  19  1:55  Marine  
  19  1:59  Bunker  
  20  2:04  Marine  
  20  2:06  Marine  
  22  2:15  Bunker, Marine  
  22  2:21  Marine  
  24  2:23  Marine  
  25  2:35  SCV  
Show
View Real Time Build Order
Export as new Build Order

Scarlett Zerg 

Build Orders: Hatch First 

Get SALT Encoding   

  12  0:00  Drone  
  13  0:12  Overlord  
  13  0:18  Drone  
  14  0:31  Drone x2  
  16  0:48  Hatchery  
  15  0:52  Drone  
  15  0:55  Drone  
  17  0:59  Drone  
  18  1:10  Extractor  
  17  1:15  Spawning Pool  
  16  1:19  Drone  
  16  1:22  Drone  
  18  1:28  Drone  
  19  1:39  Drone  
  20  1:51  Drone  
  21  2:01  Queen x2  
  21  2:02  Zergling x4  
  27  2:15  Spine Crawler  
  26  2:18  Zergling x2  
  27  2:29  Drone  
  24  2:36  Drone  

Tags
 
Add a new tag
Caveats
  • Supply blocks, unpowered buildings, or Contaminate may cause inaccurate times.
  • Supply counts are checked every 10 seconds.